 Dungeon Crawl Stone Soup version 0.25.1-8-g42b30a86e7 (webtiles) character file.

Game seed: 3083047093502254598

14753 Gabide the Basher (level 12, -5/93 HPs)
             Began as a Human Abyssal Knight on Dec 1, 2020.
             Was a High Priest of Lugonu.
             Hit by a large rock thrown by a cyclops (19 damage)
             ... on level 14 of the Dungeon.
             The game lasted 00:40:50 (12333 turns).

Gabide the Basher (Human Abyssal Knight)           Turns: 12333, Time: 00:40:50

Health: -5/93      AC: 22    Str: 14    XL:     12   Next: 49%
Magic:  15/15      EV:  9    Int: 14    God:    Lugonu [*****.]
Gold:   670        SH:  5    Dex: 15    Spells: 11/11 levels left

rFire    . . .     SeeInvis .   A - +2 morningstar (drain)
rCold    . . .     Gourm    .   k - +0 buckler
rNeg     . . .     Faith    .   b - +3 chain mail
rPois    +         Spirit   .   s - +0 helmet
rElec    .         Reflect  .   v - +0 cloak
rCorr    .         Harm     .   n - +0 pair of gloves
MR       .....                  (no boots)
Stlth    ..........             l - amulet of regeneration
HPRegen  0.65/turn              I - ring of poison resistance
MPRegen  0.14/turn              D - +4 ring of protection

@: hasted, very quick
A: no striking features
a: Depart the Abyss, Bend Space, Banish, Corrupt, Enter the Abyss, Renounce
Religion


You were on level 14 of the Dungeon.
You worshipped Lugonu.
Lugonu was extremely pleased with you.
You were not hungry.

You visited 1 branch of the dungeon, and saw 14 of its levels.
You visited the Abyss 1 time.

You collected 670 gold pieces.

Inventory:

Hand Weapons
 A - a +2 morningstar of draining (weapon)
Missiles
 y - 19 poisoned darts
 G - 2 silver javelins (quivered)
Armour
 b - a +3 chain mail (worn)
 k - a +0 buckler (worn)
 n - a +0 pair of gloves (worn)
 r - a +0 plate armour
 s - a +0 helmet (worn)
 v - a +0 cloak (worn)
Jewellery
 l - an amulet of regeneration (around neck)
 m - a +6 ring of strength
 D - a +4 ring of protection (right hand)
 I - a ring of poison resistance (left hand)
Wands
 g - a wand of paralysis (7)
 i - a wand of digging (4)
 u - a wand of enslavement (12)
 z - a wand of disintegration (10)
 H - a wand of flame (17)
Scrolls
 d - 9 scrolls of remove curse
 p - 3 scrolls of amnesia
 q - 2 scrolls of identify
 t - 7 scrolls of teleportation
Potions
 e - 3 potions of cancellation
 f - a potion of might
 h - a potion of stabbing
 j - 3 potions of brilliance
 o - a potion of magic
 w - 4 potions of curing
 x - 2 potions of lignification
 C - 2 potions of ambrosia
Miscellaneous
 E - a phantom mirror
Comestibles
 a - 6 chunks of flesh
 c - 27 rations


   Skills:
 * Level 8.2 Fighting
 * Level 13.5 Maces & Flails
 + Level 8.1 Armour
 * Level 6.2 Dodging
 - Level 4.0 Shields
 + Level 4.5 Invocations
 - Level 0.1 Evocations


You had 11 spell levels left.
You didn't know any spells.
Your spell library contained the following spells:

 Spells                   Type           Power        Failure   Level  Hunger
 Confusing Touch          Hex            #.......     100%        3    ####...
 Gell's Gravitas          Tloc           #.........   100%        3    ####...
 Ignite Poison            Fire/Tmut/Pois #.......     100%        3    ####...
 Petrify                  Tmut/Erth      #.......     100%        4    #####..
 Blade Hands              Tmut           #.........   100%        5    ######.
 Metabolic Englaciation   Hex/Ice        #.........   100%        5    ######.
 Summon Forest            Summ/Tloc      #.........   100%        5    ######.
 Yara's Violent Unravell  Hex/Tmut       #.........   100%        5    ######.


Dungeon Overview and Level Annotations

Branches:
Dungeon (14/15)            Temple (0/1) D:7            Lair (0/6) D:10
    Orc (0/2) D:9
 Vaults: D:13-14

Altars:
Dithmenos
Hepliaklqana
Ru
Yredelemnul

Annotations:
D:10 exclusion: oklob plant
D:12 corrupted


Message History

The vampire mosquito bites you but does no damage.
The ogre hits you but does no damage.
You puncture the boggart!
You kill the boggart!
Lugonu accepts your kill.
The vampire mosquito dissolves into shadows! x2
The freezing wraith dissolves into shadows!
The wyvern zombie dissolves into shadows!
The iguana bites you but does no damage.
The cyclops throws a large rock.
The large rock hits you!!
You hit the ogre.
The ogre is lightly wounded.
You sock the ogre!
The ogre is heavily wounded.
The iguana bites you!
* * * LOW HITPOINT WARNING * * *
The ogre hits you with a +0 giant club!
* * * LOW HITPOINT WARNING * * *
The cyclops throws a large rock.
The large rock hits you!!
You die...

#....#
#....##
#.....#
#.....#
#.....##
#......#
#)l....#
#@O....#
#.).(..#
#........#
#......#...
........###
..........#
..#C.......#
...#........#


You could see a cyclops, an ogre and an iguana.

Vanquished Creatures
  A hydra (D:13)
  A two-headed ogre (D:9)
  A tengu warrior (D:11)
  An ugly thing (D:11)
  4 cyclopes
  2 manticores
  Maurice (D:10)
  A gargoyle (D:12)
  A troll (D:7)
  A hornet (D:11)
  3 hippogriffs
  A shadow (D:12)
  2 wyverns
  4 yaks (D:10)
  2 hungry ghosts
  Eustachio (D:6)
  Menkaure (D:6)
  2 water moccasins
  4 ice beasts
  6 orc warriors
  An eye of draining (D:9)
  2 necrophages
  A phantom (D:12)
  8 ogres
  2 sky beasts
  A boggart (D:14)
  5 centaurs
  A wolf (D:14)
  A crocodile (D:12)
  7 bullfrogs
  4 scorpions
  4 wights (D:10)
  9 killer bees
  4 howler monkeys
  8 crimson imps
  2 bullfrog zombies
  2 centaur zombies
  2 jellies
  8 orc wizards
  10 hounds
  3 centaur skeletons
  2 iguanas (D:5)
  7 orc priests
  2 bullfrog skeletons
  Terence (D:2)
  12 worker ants
  A hound skeleton (D:8)
  A worker ant zombie (D:6)
  A howler monkey zombie (D:11)
  7 gnolls
  14 adders
  2 shadow imps
  An adder skeleton (D:5)
  5 worms
  A dart slug (D:2)
  10 leopard geckos
  54 orcs
  6 giant cockroaches
  6 goblins
  2 hobgoblins
  10 jackals
  6 quokkas
  5 bats
  5 frilled lizards
  10 kobolds
  4 rats
300 creatures vanquished.

Vanquished Creatures (collateral kills)
  A bullfrog (D:9)
  A howler monkey (D:9)
  An adder skeleton (D:9)
  A quokka (D:9)
4 creatures vanquished.

Vanquished Creatures (others)
  An orc knight (D:12)
  An ugly thing (D:12)
  A centaur skeleton (D:12)
  2 hippogriffs (D:12)
  3 orc warriors (D:12)
  An ogre (D:12)
  A bullfrog (D:12)
  2 orc priests (D:12)
  6 orcs (D:12)
18 creatures vanquished.

Grand Total: 322 creatures vanquished

Notes
Turn   | Place    | Note
-------+----------+-------------------------------------------
     0 | Abyss:1  | Gabide the Human Abyssal Knight began the quest for the
                  | Orb.
     0 | Abyss:1  | Reached XP level 1. HP: 18/18 MP: 2/2
    54 | Abyss:1  | Found a corrupted altar of Lugonu.
    80 | Abyss:1  | Noticed a spatial vortex
   124 | Abyss:1  | Noticed a brown very ugly thing
   125 | D:1      | Escaped the Abyss
   388 | D:1      | Reached * piety under Lugonu
   567 | D:1      | Reached XP level 2. HP: 20/24 MP: 3/3
  1422 | D:2      | Noticed Terence
  1448 | D:2      | Killed Terence
  1448 | D:2      | Reached XP level 3. HP: 4/29 MP: 4/4
  1821 | D:2      | Reached XP level 4. HP: 24/35 MP: 5/5
  2029 | D:2      | Reached skill level 3 in Maces & Flails
  2147 | D:2      | Reached skill level 1 in Shields
  2179 | D:2      | Reached XP level 5. HP: 37/41 MP: 6/6
  2907 | D:3      | Reached ** piety under Lugonu
  3071 | D:3      | Reached XP level 6. HP: 47/47 MP: 7/7
  3181 | D:3      | Reached skill level 4 in Maces & Flails
  3652 | D:4      | Reached XP level 7. HP: 31/53 MP: 8/8
  4035 | D:4      | Found a basalt altar of Yredelemnul.
  4035 | D:4      | Found a hazy altar of Hepliaklqana.
  4123 | D:4      | Reached skill level 5 in Maces & Flails
  4294 | D:5      | Entered Level 5 of the Dungeon
  4449 | D:5      | Reached skill level 6 in Maces & Flails
  4641 | D:5      | Reached XP level 8. HP: 60/60 MP: 9/9
  4652 | D:5      | Reached *** piety under Lugonu
  5480 | D:6      | Reached skill level 7 in Maces & Flails
  5588 | D:6      | Reached skill level 5 in Armour
  5652 | D:6      | Noticed Eustachio
  5679 | D:6      | Killed Eustachio
  5795 | D:6      | Reached XP level 9. HP: 56/65 MP: 10/10
  5876 | D:6      | Noticed Menkaure
  5886 | D:6      | Killed Menkaure
  5886 | D:6      | Reached skill level 8 in Maces & Flails
  6409 | D:6      | Identified Sif Muna's Almanac of Shape Shifting and
                  | Translocation
  6645 | D:7      | Found a staircase to the Ecumenical Temple.
  6717 | D:7      | Reached **** piety under Lugonu
  6765 | D:7      | Noticed a troll
  6781 | D:7      | Killed a troll
  6781 | D:7      | Reached skill level 5 in Fighting
  7061 | D:7      | Reached skill level 9 in Maces & Flails
  7376 | D:8      | Reached XP level 10. HP: 37/74 MP: 11/11
  7946 | D:9      | Reached skill level 10 in Maces & Flails
  8091 | D:9      | Noticed a two-headed ogre
  8103 | D:9      | Killed a two-headed ogre
  8486 | D:9      | Found a staircase to the Orcish Mines.
  8928 | D:10     | Entered Level 10 of the Dungeon
  9002 | D:10     | Reached skill level 11 in Maces & Flails
  9125 | D:10     | Reached XP level 11. HP: 75/82 MP: 12/12
  9133 | D:10     | Got a jewelled leather armour
  9144 | D:10     | Identified the +1 leather armour of Hubris {MR+} (You found
                  | it on level 10 of the Dungeon)
  9179 | D:10     | Noticed an oklob plant
  9336 | D:10     | Found a staircase to the Lair.
  9639 | D:10     | Noticed Maurice
  9675 | D:10     | Killed Maurice
  9703 | D:10     | Reached skill level 5 in Dodging
 10013 | D:11     | Reached ***** piety under Lugonu
 10013 | D:11     | Reached skill level 12 in Maces & Flails
 10188 | D:11     | Noticed a manticore
 10207 | D:11     | Killed a manticore
 10352 | D:11     | Noticed a cyclops
 10375 | D:11     | Killed a cyclops
 10519 | D:11     | Noticed a brown ugly thing
 10534 | D:11     | Killed a brown ugly thing
 10705 | D:11     | Noticed a tengu warrior
 10720 | D:11     | Killed a tengu warrior
 10879 | D:11     | Found a sacrificial altar of Ru.
 11012 | D:12     | Noticed a cyclops
 11027 | D:12     | Killed a cyclops
 11170 | D:12     | Reached XP level 12. HP: 90/90 MP: 15/15
 11195 | D:12     | Reached skill level 13 in Maces & Flails
 11298 | D:12     | Corrupted D:12
 11298 | D:12     | Noticed a rakshasa
 11298 | D:12     | Noticed a balrug
 11298 | D:12     | Noticed a spatial maelstrom
 11302 | D:12     | Noticed a glowing orange brain
 11661 | D:12     | Found a shadowy altar of Dithmenos.
 12171 | D:14     | Noticed a four-headed hydra
 12198 | D:13     | Killed a four-headed hydra
 12333 | D:14     | Hit by a large rock thrown by a cyclops

Illustrated notes

Levels and vault maps discovered:
D:1:      roderic_crossed_star, layout_loops_ring, kennysheep_small_spiral
D:2:      layout_loops_corners, uniq_terence
D:3:      layout_loops_cross, first_ration
D:4:      layout_basic, amethyst_overflow_temple_binary, grunt_ministairs_3
D:5:      layout_loops_corners, gup_sewer_entry_bowl
D:6:      layout_cave_pods, uniq_eustachio, uniq_menkaure
D:7:      layout_basic, minmay_temple_entry_purple_smoke,
          chequers_serial_rivers_small_3
D:8:      layout_rooms
D:9:      layout_roguey, orc_0_dummy
D:10:     layout_irregular_city, dpeg_oklobed_lair, uniq_maurice
D:11:     layout_roguey, grunt_tengu_nest, nicolae_ru_path_of_blood
D:12:     layout_loops_cross, basic_altar, special_room [special_room_orc]
D:13:     layout_long_grid, david_vaults_5, uniq_jorgrun, uniq_urug
D:14:     giant_chief_lemuel, layout_basic, kennysheep_big_empty_room,
          serial_glass, glass_columns_b, glass_columns_a, uniq_snorg

Skill      XL: |  1  2  3  4  5  6  7  8  9 10 11 12 |
---------------+-------------------------------------+-----
Maces & Flails | 3 4 6 7 9 11 12 13 | 13.5
Shields        | 1 2 3 4 |  4.0
Armour         | 3 4 5 6 7 8 |  8.1
Fighting       | 4 5 6 7 8 |  8.2
Dodging        | 2 3 4 5 6 |  6.2
Invocations    | 4 |  4.5
Evocations     | |  0.1

Action                   |  1- 3 |  4- 6 |  7- 9 | 10-12 || total
-------------------------+-------+-------+-------+-------++-------
Melee: Mace              |    77 |   123 |       |       ||   200
       Flail             |       |    74 |    13 |       ||    87
       Morningstar       |       |       |   417 |   541 ||   958
Throw: Javelin           |       |    12 |    22 |    33 ||    67
       Boomerang         |       |       |     4 |       ||     4
       Dart              |       |       |       |    57 ||    57
Invok: Depart the Abyss  |     1 |       |       |       ||     1
       Bend Space        |       |       |       |     1 ||     1
       Corrupt           |       |       |       |     1 ||     1
Evoke: Wand              |       |       |     3 |       ||     3
  Use: Scroll            |     8 |     7 |     5 |    11 ||    31
       Potion            |     3 |     1 |     1 |     7 ||    12
  Eat: Chunk             |     1 |     5 |     9 |    14 ||    29
       Ration            |     1 |       |     1 |     2 ||     4
Armor: Ring mail         |    26 |    27 |       |       ||    53
       Leather armour    |     1 |       |       |       ||     1
       Chain mail        |       |   113 |   378 |   326 ||   817
Dodge: Dodged            |    53 |    88 |   262 |   249 ||   652
Block: Buckler           |     8 |    27 |   118 |   107 ||   260
